 Dungeon Crawl Stone Soup version 0.30.0-10-gfe55d96785 (webtiles) character file.

Game seed: 13399905183699445750

82 monsoonserge the Slasher (level 5, -1/46 HPs)
             Began as a Meteoran Monk on May 16, 2023.
             Was a Priest of Trog.
             Slain by Crazy Yiuf
             ... wielding a +4 quarterstaff of chaos
              (12 damage)
             ... while paralysed by Crazy Yiuf
             ... on level 3 of the Dungeon.
             The game lasted 00:06:12 (962 turns).

monsoonserge the Slasher (Meteoran Monk)             Turns: 962, Time: 00:06:13

Health: -1/46      AC:  5    Str: 12    XL:     5   Next: 1%
Magic:  6/6        EV:  2    Int: 11    God:    Trog [***...]
Gold:   76         SH:  0    Dex: 19    Spells: 4/4 levels left

rFire   . . .        a - +0 falchion
rCold   . . .        d - orb {light}
rNeg    + + .        v - +0 ring mail
rPois   .            (no helmet)
rElec   .            (no cloak)
rCorr   .            (no gloves)
SInv    .            (no boots)
Will    .....        (no amulet)
Stlth   +            l - ring of positive energy
HPRegen 0.27/turn    m - ring of positive energy
MPRegen 0.10/turn

%: no passive effects
@: paralysed, glowing
A: sense surroundings 1, otherworldly, glowing, explore regen
a: Renounce Religion, Berserk, Trog's Hand


You were on level 3 of the Dungeon.
You worshipped Trog.
Trog was most pleased with you.
You visited 1 branch of the dungeon, and saw 3 of its levels.

You collected 76 gold pieces.

Inventory:

Hand Weapons
 a - a +0 falchion (weapon)
Armour
 b - a +0 robe
 d - an orb of light (worn)
 g - a +0 leather armour
 v - a +0 ring mail (worn)
Magical Staves
 f - a staff of cold
 j - a staff of earth
Jewellery
 l - a ring of positive energy (left hand)
 m - a ring of positive energy (right hand)
Scrolls
 h - a scroll of summoning {unknown}
 i - a scroll of teleportation {unknown}
 k - a scroll of amnesia {unknown}
 p - 2 scrolls of identify {unknown}
 q - a scroll of enchant weapon {unknown}
 t - 3 scrolls of blinking {unknown}
 w - a scroll of immolation {unknown}
Potions
 c - a potion of ambrosia
 e - 3 potions of brilliance {unknown}
 n - a potion of flight {unknown}
 o - a potion of haste {unknown}
 r - 2 potions of mutation {unknown}
 s - a potion of heal wounds {unknown}
 u - a potion of invisibility {unknown}


   Skills:
 + Level 3.9 Fighting
 + Level 4.8 Long Blades
 + Level 1.4 Armour
 + Level 4.3 Dodging


You had 4 spell levels left.
You didn't know any spells.
Your spell library contained the following spells:

 Spells                   Type           Power      Damage    Failure   Level
 Hailstorm                Conj/Ice       0%         3d3       93%         3
 Ice Form                 Ice/Tmut       0%         N/A       100%        4
 Simulacrum               Ice/Necr       0%         N/A       100%        6


Dungeon Overview and Level Annotations

Branches:
Dungeon (3/15) Zot: 821

Altars:
Trog

Shops:
D:3 =

Annotations:
D:3 Crazy Yiuf


Innate Abilities, Weirdness & Mutations

You passively map a small area around you.
You are easily found by Zot.
You glow in the dark.
You regain HP and MP as you explore.


Message History

Crazy Yiuf shouts!
The bat barely misses you.
You hit the bat.
The bat is moderately wounded.
The bat hits you but does no damage. The bat attacks as you move away!
The bat hits you. The bat hits you but does no damage.
You open the door. The bat hits you but does no damage.
Crazy Yiuf whimpers, "Liver noodlescoop shrimp!"
You hit Crazy Yiuf.
Crazy Yiuf is lightly wounded.
The bat barely misses you. Crazy Yiuf barely misses you.
The bat closely misses you.
You hit Crazy Yiuf.
Crazy Yiuf is moderately wounded.
The bat hits you but does no damage. The bat closely misses you.
Crazy Yiuf hits you with a +4 quarterstaff of chaos!
Crazy Yiuf freezes you. The bat barely misses you.
You hit Crazy Yiuf.
Crazy Yiuf is moderately wounded.
The bat hits you but does no damage. Crazy Yiuf completely misses you.
You barely miss Crazy Yiuf.
Crazy Yiuf is moderately wounded.
Crazy Yiuf hits you with a +4 quarterstaff of chaos!
The bat closely misses you.
You hit Crazy Yiuf but do no damage.
Crazy Yiuf is moderately wounded.
The bat hits you but does no damage. Crazy Yiuf misses you.
You hit Crazy Yiuf but do no damage.
Crazy Yiuf is moderately wounded.
The bat closely misses you. The bat completely misses you.
Crazy Yiuf barely misses you.
You hit Crazy Yiuf but do no damage.
Crazy Yiuf is moderately wounded.
The bat barely misses you.
Crazy Yiuf hits you with a +4 quarterstaff of chaos!
* * * LOW HITPOINT WARNING * * *
You suddenly lose the ability to move!
Crazy Yiuf hits you with a +4 quarterstaff of chaos!
You die...

#####
#)..#
#...# ...
#g#* #@##
##.# #b##
* ##.#
*** ##.##
*,*
##.b.# ,
#....# ,
#....# ,
,,
###....##
,


You could see Crazy Yiuf and a bat.

Vanquished Creatures
  An orc wizard (D:3)
  2 adders
  3 orcs (D:3)
  4 endoplasms
  5 hobgoblins
  6 jackals
  A quokka (D:2)
  A ball python (D:1)
  4 bats
  3 frilled lizards
  4 kobolds
  2 rats
36 creatures vanquished.

Notes
Turn   | Place    | Note
-------+----------+-------------------------------------------
     0 | D:1      | monsoonserge the Meteoran Monk began the quest for the Orb.
     0 | D:1      | Reached XP level 1. HP: 19/19 MP: 2/2
   137 | D:1      | Found a faded altar of an unknown god.
   148 | D:1      | Reached XP level 2. HP: 23/26 MP: 3/3
   156 | D:1      | Prayed at the altar of an unknown god.
   156 | D:1      | Became a worshipper of Trog the Wrathful
   156 | D:1      | Reached * piety under Trog
   156 | D:1      | Reached ** piety under Trog
   334 | D:1      | Reached *** piety under Trog
   441 | D:3      | Found Ihuypoob's Jewellery Shoppe.
   451 | D:2      | Reached XP level 3. HP: 31/31 MP: 4/4
   834 | D:3      | Reached skill level 1 in Armour
   834 | D:3      | Reached XP level 4. HP: 27/40 MP: 5/5
   939 | D:3      | Reached XP level 5. HP: 43/46 MP: 6/6
   950 | D:3      | Found a runed translucent door.
   951 | D:3      | Noticed Crazy Yiuf
   962 | D:3      | Paralysed by Crazy Yiuf for 4 turns
   962 | D:3      | Slain by Crazy Yiuf

Illustrated notes

Levels and vault maps discovered:
D:1:      elethiomel_arrival_infinity_welcomes_careful_drivers,
          layout_loops_ring, hellmonk_ecumenical_altar_dog_temple
D:2:      layout_loops_ring
D:3:      minmay_roachtagon, layout_loops_ring, serial_shops,
          nicolae_shop_hallway_stairs, uniq_crazy_yiuf_cottage

Skill      XL: |  1  2  3 |
---------------+----------+-----
Dodging        | 4 |  4.3
Long Blades    | 4 |  4.8
Armour         | 1 |  1.4
Fighting       | |  3.9

Action                     |  1- 3 |  4- 6 || total
---------------------------+-------+-------++-------
  Melee: Falchion          |    70 |    30 ||   100
 Invoke: Berserk           |     1 |       ||     1
 Armour: Leather armour    |    24 |       ||    24
         Ring mail         |       |    10 ||    10
  Dodge: Dodged            |    43 |    29 ||    72
